 Dungeon Crawl Stone Soup version 0.30-a0-743-gbfdf073431 (webtiles) character file.

Game seed: 17596482076351266725

135830 Lavandula the Caregiver (level 17, 0/125 HPs)
             Began as a Human Monk on Feb 2, 2023.
             Was a Believer of Elyvilon.
             Slain by a merfolk impaler
             ... wielding a +2 trident of freezing
              (2 damage)
             ... on level 4 of the Shoals on Feb 5, 2023.
             The game lasted 01:37:56 (28854 turns).

Lavandula the Caregiver (Human Monk)               Turns: 28854, Time: 01:37:57

Health: 0/125      AC: 37    Str: 19 (20) XL:     17   Next: 79%
Magic:  36/38      EV:  9    Int: 12      God:    Elyvilon [**....]
Gold:   139        SH: 14    Dex:  9 (11) Spells: 7/16 levels left

rFire   . . .      SeeInvis +    a - +9 scimitar (flame)
rCold   + . .      Faith    .    T - +4 kite shield {AC+3}
rNeg    + . .      Spirit   .    b - +7 storm dragon scales of Amank {rElec rC+ rN+ Str-2}
rPois   .          Reflect  .    R - +0 hat
rElec   +          Harm     .    U - +0 cloak
rCorr   .          Rampage  .    l - +2 pair of gloves
Will    +....                    C - +2 pair of boots Stlth
                                 r - amulet "Myteph" {rElec Regen+ MP+9 Str+3 Dex-4}
HPRegen 1.20/turn                Y - ring of see invisible
MPRegen 0.26/turn                S - +4 ring of protection

@: mesmerised, studying Fire Magic, very slow
A: antennae 1, deterioration 1
a: Renounce Religion, Purification, Heal Other


You were on level 4 of the Shoals.
You worshipped Elyvilon.
Elyvilon was pleased with you.
You visited 5 branches of the dungeon, and saw 25 of its levels.
You visited the Abyss 1 time.
You visited 1 bazaar.
You also visited: Sewer and Gauntlet.

You collected 2858 gold pieces.
You spent 2719 gold pieces at shops.

Inventory:

Hand Weapons
 a - a +9 scimitar of flaming (weapon)
 A - the +8 rapier of the Hammering Salmon {holy, Str+2}
   (You bought it in a shop on level 3 of the Dungeon)

   Str:       It affects your strength (+2).
 I - a +4 double sword
Missiles
 h - 13 javelins
 k - 28 poisoned darts (quivered)
 N - 4 curare-tipped darts
 Z - 6 throwing nets
Armour
 b - the +7 storm dragon scales of Amank (worn) {rElec rC+ rN+ Str-2}
   (You bought it in a shop on level 3 of the Dungeon)

   Str:       It affects your strength (-2).
   rC:        It protects you from cold.
   rElec:     It insulates you from electricity.
   rN:        It protects you from negative energy.
 j - a +2 helmet
 l - a +2 pair of gloves (worn)
 C - a +2 pair of boots (worn)
 G - the +5 robe of the Vacuum {rPois rC+ Dex+4}
   (You found it on level 5 of the Dungeon)

   Dex:       It affects your dexterity (+4).
   rC:        It protects you from cold.
   rPois:     It protects you from poison.
 R - a +0 hat (worn)
 T - a +4 kite shield of protection (worn)
 U - a +0 cloak (worn)
Jewellery
 e - a ring of positive energy
 r - the amulet "Myteph" (around neck) {rElec Regen+ MP+9 Str+3 Dex-4}
   (You found it in a Gauntlet)

   [amulet of regeneration]

   Str:       It affects your strength (+3).
   Dex:       It affects your dexterity (-4).
   rElec:     It insulates you from electricity.
   MP:        It affects your magic capacity (+9).
   Regen:     It increases your rate of health regeneration.
 E - a ring of willpower
 M - a ring of wizardry
 S - a +4 ring of protection (right hand)
 W - a ring of ice
 X - a ring of protection from fire
 Y - a ring of see invisible (left hand)
Wands
 m - a wand of light (6)
 n - a wand of charming (23)
 q - a wand of digging (8)
 z - a wand of flame (27)
 H - a wand of polymorph (17)
 O - a wand of mindburst (21)
 P - a wand of iceblast (21)
Scrolls
 d - 3 scrolls of vulnerability
 u - 7 scrolls of poison
 y - 5 scrolls of magic mapping
 K - 2 scrolls of silence
Potions
 c - 2 potions of ambrosia
 f - 2 potions of curing
 g - 8 potions of brilliance
 i - 2 potions of berserk rage {unknown}
 o - a potion of attraction
 p - 3 potions of magic {unknown}
 s - a potion of haste
 t - 6 potions of flight
 v - 5 potions of cancellation
 D - a potion of invisibility {unknown}
 F - 4 potions of lignification {unknown}
 L - 3 potions of resistance {unknown}
Miscellaneous
 w - a phantom mirror
 V - a phial of floods


   Skills:
 - Level 9.1 Fighting
 - Level 12.6(13.6) Short Blades
 - Level 8.5(11.7) Long Blades
 - Level 11.7 Armour
 - Level 11.1 Dodging
 - Level 5.0 Stealth
 - Level 10.0 Shields
 - Level 4.2 Conjurations
 - Level 6.1 Translocations
 - Level 3.0 Transmutations
 - Level 16.7 Invocations
 + Level 2.7 Evocations


You had 7 spell levels left.
You knew the following spells:

 Your Spells              Type           Power      Damage    Failure   Level
a - Blink                 Tloc           28%        N/A       54%         2
b - Momentum Strike       Conj/Tloc      24%        3d8       67%         2
c - Irradiate             Conj/Tmut      4%         3d13      100%        5

Your spell library contained the following spells:

 Spells                   Type           Power      Damage    Failure   Level
 Lesser Beckoning         Tloc           28%        N/A       54%         2
 Gell's Gravitas          Tloc           14%        N/A       77%         3
 Teleport Other           Tloc           14%        N/A       77%         3
 Foxfire                  Conj/Fire      20%        2x1d5     92%         1
 Manifold Assault         Tloc           14%        N/A       99%         4
 Scorch                   Fire           0%         2d5       100%        2
 Sublimation of Blood     Necr           0%         N/A       100%        2
 Dazzling Flash           Conj/Hex       10%        N/A       100%        3
 Inner Flame              Hex/Fire       0%         N/A       100%        3
 Airstrike                Air            0%         2d(0-16)  100%        4
 Flame Wave               Conj/Fire      5%         2d5       100%        4
 Petrify                  Tmut/Erth      3%         N/A       100%        4
 Sticky Flame             Conj/Fire      5%         2d3       100%        4
 Summon Lightning Spire   Summ/Air       0%         N/A       100%        4
 Agony                    Necr           0%         N/A       100%        5
 Fireball                 Conj/Fire      2%         3d4       100%        5
 Lightning Bolt           Conj/Air       2%         1d14      100%        5
 Silence                  Hex/Air        0%         N/A       100%        5
 Summon Forest            Summ/Tloc      3%         N/A       100%        5
 Summon Mana Viper        Hex/Summ       0%         N/A       100%        5
 Starburst                Conj/Fire      2%         6d3       100%        6
 Summon Cactus Giant      Summ           0%         N/A       100%        6
 Storm Form               Tmut/Air       1%         N/A       100%        7


Dungeon Overview and Level Annotations

Branches:
Dungeon (14/15)            Temple (1/1) D:5            Lair (5/5) D:9
 Shoals (4/4) Lair:3        Snake (1/4) Lair:2        Slime (0/5) Lair:5
    Orc (0/2) D:11          Sewer (visited)         Gauntlet (visited)
 Vaults: D:13-14

Altars:
Ashenzari
Cheibriados
Dithmenos
Elyvilon
Gozag
Hepliaklqana
Kikubaaqudgha
Makhleb
Nemelex Xobeh
Okawaru
Qazlal
Ru
Sif Muna
Trog
Uskayaw
Vehumet
Wu Jian
Xom
Jiyva
Lugonu

Shops:
D:3 [(:[(   D:5 [   D:8 *   Shoals:2 *

Portals:
Abyss: D:5

Annotations:
D:6 exclusion: door
D:9 exclusion: door


Innate Abilities, Weirdness & Mutations

You have a pair of small antennae on your head.
Your body sometimes deteriorates upon taking damage.


Message History

The harpy closely misses you.
The harpy claws you but does no damage. x2
You block the harpy's attack.
The merfolk impaler hits you from afar with a +2 trident of freezing.
* * * LOW HITPOINT WARNING * * *
The merfolk impaler freezes you.
* * * LOW HITPOINT WARNING * * *
The harpy closely misses you. You block the harpy's attack.
The merfolk avatar chants its luring song.
The wind drake flaps its wings at you. The air twists around and strikes you!!
* * * LOW HITPOINT WARNING * * *
The merfolk impaler hits you but does no damage.
You feel better. The harpy closely misses you. The harpy claws you.
* * * LOW HITPOINT WARNING * * *
You block the harpy's attack. x2; The harpy claws you but does no damage. x2
The merfolk aquamancer mumbles some strange words.
The merfolk aquamancer blinks!
The harpy claws you but does no damage. You block the harpy's attack.
You block the merfolk impaler's attack.
The wind drake bites you but does no damage.
The merfolk avatar chants its luring song.
You feel better. The harpy claws you but does no damage.
You block the harpy's attack. x2; The harpy barely misses you.
You block the harpy's attack. The harpy closely misses you.
The merfolk aquamancer gestures wildly while chanting.
The merfolk aquamancer blinks!
You block the merfolk impaler's attack.
The wind drake bites you but does no damage.
The merfolk impaler hits you from afar with a +2 trident of freezing!
* * * LOW HITPOINT WARNING * * *
The merfolk impaler freezes you.
* * * LOW HITPOINT WARNING * * *
The merfolk avatar chants its luring song.
You cannot move away from the merfolk avatar!
You feel better.
The merfolk aquamancer mumbles some strange words.
The merfolk aquamancer blinks!
You block the wind drake's attack. You block the harpy's attack.
The harpy barely misses you.
The merfolk impaler hits you from afar with a +2 trident of freezing!
* * * LOW HITPOINT WARNING * * *
The merfolk impaler freezes you.
You die...

≈≈≈≈≈~# ##....##..
≈≈≈≈~~ #≈#....##.. ≈≈≈≈~
m~≈#....##~# ≈≈~~~ ##≈~
#.....##† ≈~~~~~
≈≈≈~≈#........ ~~~~~~#
.≈#~~≈#.~...... ~~~~~~#
#mH~~~##~~~~...(
~~~~~~k#HHS~~##~~~~~~...
~~~~~~~@######~≈≈≈~~P~..
~~~~~~~HH~~~~≈≈≈≈≈≈≈~~~.
.m..~H~~~~~~~≈≈≈≈≈≈≈≈~##
.....~~§~~~~≈§≈≈≈≈≈≈≈##≈
.....~~~~~~~≈≈≈≈≈≈≈≈##≈#
.....~~~~~~~≈§≈≈≈≈≈≈# #}
...$.~~~~~~~≈≈≈≈≈≈≈≈#≈~(
...~~~~~~~~~≈≈≈≈≈≈≈≈#≈~≈
###......~~~≈≈≈≈≈≈≈#≈~≈


You could see a merfolk avatar (mesmerising), a merfolk impaler, a sea snake, a
wind drake (repels missiles), 2 manticores, 4 harpies and a neutral merfolk
aquamancer (distracted).

Vanquished Creatures
  Rupert (Lair:4)
  Polyphemus (Shoals:2)
  2 tentacled starspawn (Abyss:3)
  Gastronok (Lair:1)
  A minotaur (Gauntlet)
  A fire dragon (D:11)
  2 merfolk impalers
  A hydra (Lair:2)
  3 two-headed ogres
  2 catoblepae
  3 centaur warriors
  12 death yaks
  A merfolk avatar (Shoals:3)
  3 satyrs
  A naga warrior (Snake:1)
  A boulder beetle (Lair:1)
  A tengu warrior (D:13)
  2 thrashing horrors (Abyss:3)
  Amaemon (Lair:3)
  Urug (Lair:1)
  A naga sharpshooter (Snake:1)
  13 sea snakes
  17 harpies
  A mana viper (Snake:1)
  4 ugly things (D:14)
  4 cyclopes
  14 manticores
  16 fauns
  6 elephants
  A worldbinder (Abyss:3)
  5 black mambas
  7 merfolk sirens
  The ghost of vilexx the Digger, a novice GrEE (D:5)
  A naga mage (Lair:2)
  A smoke demon (D:11)
  3 torpor snails
  3 water nymphs
  An orange demon (Lair:3)
  A demonic crawler (Abyss:3)
  6 komodo dragons
  An unseen horror (D:13)
  16 cane toads
  A tengu conjurer (D:13)
  2 efreet
  A gargoyle (D:12)
  An ice devil (Gauntlet)
  A rime drake (Lair:4)
  14 merfolk
  4 trolls
  10 polar bears (Lair:5)
  4 tyrant leeches (Lair:5)
  A hornet (shapeshifter) (D:13)
  A wind drake (Shoals:4)
  7 hornets
  8 snapping turtles
  29 blink frogs
  9 dream sheep
  A centaur simulacrum (D:14)
  12 slime creatures
  41 yaks
  2 shadows
  4 wyverns
  A wraith (D:12)
  A vampire (D:11)
  A water elemental (Shoals:2)
  4 basilisks
  A golden eye (Abyss:3)
  5 fire elementals (D:11)
  2 chaos spawn (Abyss:3)
  6 wargs
  4 vampire mosquitoes (D:12)
  An acid dragon (D:9)
  5 nagas
  14 water moccasins
  17 hell hounds (Lair:5)
  3 small abominations (Abyss:3)
  An ice beast (D:8)
  4 orc warriors
  14 black bears
  3 ogres
  3 boggarts (D:12)
  11 centaurs
  18 wolves (Lair:5)
  2 phantoms
  A kobold brigand (D:10)
  A necrophage (D:7)
  2 gnoll sergeants
  4 scorpions
  15 bullfrogs
  5 wights (D:8)
  2 howler monkeys (D:9)
  9 orc priests
  3 hounds
  A jelly (Lair:5)
  A gnoll bouda (D:5)
  8 iguanas
  Ijyb (D:5)
  Natasha (thrice) (D:2)
  8 orc wizards
  3 polar bear simulacra (D:9)
  5 hell rats
  A yak simulacrum (D:9)
  3 wolf simulacra (D:9)
  15 gnolls
  11 adders
  5 river rats
  4 shadow imps
  5 white imps
  2 worms
  A dart slug (D:1)
  23 orcs
  5 endoplasms
  6 giant cockroaches
  6 goblins
  6 hobgoblins
  13 kobolds
  4 quokkas
  9 ball pythons
  4 bats
  7 frilled lizards
  15 rats
  A river rat simulacrum (D:9)
  A spectral hobgoblin (D:9)
  A lurking horror (D:5)
658 creatures vanquished.

Vanquished Creatures (collateral kills)
  A necromancer (D:9)
1 creature vanquished.

Vanquished Creatures (others)
  A merfolk javelineer (Shoals:4)
  A centaur warrior (D:13)
  A catoblepas (Lair:5)
  A merfolk aquamancer (Shoals:4)
  A death yak (Shoals:3)
  A sea snake (Shoals:2)
  A spriggan simulacrum (Abyss:3)
  A lindwurm (Lair:5)
  2 large abominations (Abyss:3)
  A faun (Shoals:3)
  A worldbinder (Abyss:3)
  A manticore (Shoals:3)
  A merfolk siren (Shoals:4)
  A water nymph (Shoals:2)
  2 blink frogs (Lair:2)
  A raiju (Abyss:3)
  A harpy skeleton (Abyss:3)
  A small abomination (Abyss:3)
  A wolf simulacrum (D:9)
  24 fungi
  2 lurking horrors
  100 plants
  5 starspawn tentacles (Abyss:3)
  4 tentacles (Shoals:4)
156 creatures vanquished.

Grand Total: 815 creatures vanquished

Notes
Turn   | Place    | Note
-------+----------+-------------------------------------------
     0 | D:1      | Lavandula the Human Monk began the quest for the Orb.
     0 | D:1      | Reached XP level 1. HP: 18/18 MP: 1/1
   111 | D:1      | You fall into a shaft and drop 1 floor!
   207 | D:1      | Reached XP level 2. HP: 22/24 MP: 2/2
   606 | D:1      | Reached XP level 3. HP: 29/29 MP: 3/3
  1064 | D:2      | Reached XP level 4. HP: 32/35 MP: 4/4
  1080 | D:2      | Noticed Natasha
  1098 | D:2      | Killed Natasha
  1099 | D:2      | Reached skill level 5 in Long Blades
  1244 | D:2      | Noticed Natasha
  1253 | D:2      | Killed Natasha
  1254 | D:2      | Reached XP level 5. HP: 41/41 MP: 5/5
  1333 | D:2      | Noticed Natasha
  1343 | D:2      | Killed Natasha
  1688 | D:2      | Identified the +1 robe "Acop" {Str+7}
  2177 | D:3      | Found Fuczeaq's Weapon Boutique.
  2231 | D:3      | Found Rerraomm's Antique Armour Shoppe.
  2275 | D:3      | Reached XP level 6. HP: 47/47 MP: 6/6
  2330 | D:3      | Found Veub's Antique Weapon Boutique.
  2477 | D:3      | Found Fanudakh's Book Boutique.
  2565 | D:3      | Found a glowing drain.
  2589 | Sewer    | Entered a sewer
  3084 | D:3      | Found Zaziekemp's Antique Armour Emporium.
  3578 | D:3      | Bought a smoking rapier for 261 gold pieces
  3578 | D:3      | Identified the +8 rapier of the Hammering Salmon {holy,
                  | Str+2} (You bought it in a shop on level 3 of the Dungeon)
  3760 | D:4      | Noticed an ogre
  3768 | D:4      | Killed an ogre
  3769 | D:4      | Reached XP level 7. HP: 52/52 MP: 7/7
  4349 | D:5      | Entered Level 5 of the Dungeon
  4356 | D:5      | Found a runed translucent door.
  4440 | D:5      | Identified the +5 robe of the Vacuum {rPois rC+ Dex+4}
  4458 | D:5      | Found Seol's Antique Armour Emporium.
  4492 | D:5      | Noticed vilexx's ghost (novice GrEE)
  4664 | D:5      | Found a corrupted altar of Lugonu.
  4664 | D:5      | Found a one-way gate to the infinite horrors of the Abyss.
  4711 | D:5      | Noticed Ijyb
  4719 | D:5      | Killed Ijyb
  4760 | D:5      | Reached XP level 8. HP: 58/58 MP: 8/8
  4796 | D:5      | Reached skill level 5 in Short Blades
  4836 | D:5      | Noticed a +0 spear
  4836 | D:5      | Noticed a +0 dagger
  4837 | D:5      | Noticed a +0 dagger
  4837 | D:5      | Noticed a +0 falchion
  4837 | D:5      | Noticed a +0 spear
  4838 | D:5      | Noticed a +0 short sword
  4838 | D:5      | Noticed a +0 short sword
  4840 | D:5      | Noticed a +0 falchion
  4845 | D:5      | Found a hide-covered altar of Uskayaw.
  4855 | D:5      | Found a stormy altar of Qazlal.
  5060 | D:5      | Identified the +5 mace of the Reaper {antimagic, Fragile
                  | Str+5 Dex+3 Stlth+}
  5169 | D:5      | Found a staircase to the Ecumenical Temple.
  5181 | Temple   | Entered the Ecumenical Temple
  5201 | Temple   | Became a worshipper of Elyvilon the Healer
  5201 | Temple   | Reached * piety under Elyvilon
  5201 | Temple   | Reached ** piety under Elyvilon
  5310 | D:5      | Found a radiant altar of Vehumet.
  5600 | D:6      | Reached XP level 9. HP: 58/63 MP: 9/9
  6066 | D:6      | Found a shimmering blue altar of Sif Muna.
  6235 | D:7      | Reached *** piety under Elyvilon
  6486 | D:7      | Found a bloodstained altar of Trog.
  6576 | D:7      | Noticed a troll
  6579 | D:7      | Killed a troll
  6580 | D:7      | Reached skill level 10 in Short Blades
  7360 | D:8      | Found Kagiess's Assorted Antiques.
  7368 | D:8      | Bought a scroll labelled ADODALU TULLYIFOQ for 20 gold
                  | pieces
  7436 | D:8      | Reached **** piety under Elyvilon
  7506 | D:8      | Found a sacrificial altar of Ru.
  8118 | D:9      | Noticed a necromancer
  8130 | D:9      | Killed a necromancer
  8131 | D:9      | Reached XP level 10. HP: 39/70 MP: 10/10
  8328 | D:9      | Found a hazy altar of Hepliaklqana.
  8376 | D:9      | Noticed a two-headed ogre
  8400 | D:9      | Killed a two-headed ogre
  8542 | D:9      | Reached skill level 1 in Invocations
  8552 | D:9      | Reached skill level 2 in Invocations
  8764 | D:9      | Found a staircase to the Lair.
  8774 | D:9      | Reached skill level 3 in Invocations
  8846 | D:9      | Noticed a two-headed ogre
  8856 | D:9      | Killed a two-headed ogre
  8857 | D:9      | Reached skill level 4 in Invocations
  8962 | D:9      | Reached skill level 5 in Invocations
  9006 | D:9      | Found an opulent altar of Gozag.
  9103 | D:9      | Reached skill level 6 in Invocations
  9321 | D:10     | Entered Level 10 of the Dungeon
  9374 | D:10     | Reached XP level 11. HP: 68/75 MP: 14/16
  9385 | D:10     | Reached skill level 7 in Invocations
  9595 | D:10     | Reached skill level 5 in Fighting
  9722 | D:10     | Found an iron altar of Okawaru.
 10071 | D:11     | Reached ***** piety under Elyvilon
 10171 | D:11     | Found a flickering gateway to a bazaar.
 10190 | Bazaar   | Entered a bazaar
 10288 | Bazaar   | Found Kepuged's Antique Armour Boutique.
 10292 | Bazaar   | Found Losozoed's Assorted Antiques.
 10292 | Bazaar   | Found Kenek Sae's Distillery.
 10293 | Bazaar   | Found Hariech's Weapon Boutique.
 10298 | Bazaar   | Bought a potion of degeneration for 9 gold pieces
 10328 | Bazaar   | Bought a scroll labelled ADODALU TULLYIFOQ for 21 gold
                  | pieces
 10328 | Bazaar   | Bought a scroll labelled FUUCAN LUPUL for 21 gold pieces
 10328 | Bazaar   | Bought a scroll labelled FUUCAN LUPUL for 21 gold pieces
 10333 | Bazaar   | Bought 6 curare-tipped darts for 64 gold pieces
 10346 | Bazaar   | Bought a potion of haste for 90 gold pieces
 10346 | Bazaar   | Bought a potion of heal wounds for 45 gold pieces
 10346 | Bazaar   | Bought a potion of might for 36 gold pieces
 10346 | Bazaar   | Bought a potion of heal wounds for 45 gold pieces
 10352 | Bazaar   | Bought a copper wand for 84 gold pieces
 10490 | D:11     | Found a staircase to the Orcish Mines.
 10601 | Lair:1   | Entered Level 1 of the Lair of Beasts
 10602 | Lair:1   | Noticed Gastronok
 10890 | D:11     | Noticed a fire dragon
 11070 | D:9      | Learned a level 2 spell: Blink
 11157 | D:9      | Reached skill level 1 in Translocations
 11729 | Lair:1   | Upgraded the game from 0.30-a0-737-gf23d94013f to
                  | 0.30-a0-738-g116ff8c4af
 11913 | Lair:2   | Noticed a six-headed hydra
 11917 | Lair:2   | Pacified a six-headed hydra
 11918 | Lair:2   | Reached skill level 5 in Translocations
 11944 | Lair:2   | Reached XP level 12. HP: 39/89 MP: 8/17
 11950 | Lair:2   | Reached skill level 1 in Armour
 11981 | Lair:2   | Found a gate leading to a gauntlet.
 11984 | Lair:2   | Found a staircase to the Snake Pit.
 12014 | Gauntlet | Entered a Gauntlet
 12014 | Gauntlet | Found a transporter.
 12022 | Gauntlet | Found a transporter.
 12023 | Gauntlet | Found a transporter.
 12025 | Gauntlet | Noticed a catoblepas
 12027 | Gauntlet | Found a runed translucent door.
 12034 | Gauntlet | Found a runed translucent door.
 12037 | Gauntlet | Found a transporter.
 12039 | Gauntlet | Found a transporter.
 12044 | Gauntlet | Noticed a glowing orange brain
 12048 | Gauntlet | Found a transporter.
 12064 | Gauntlet | Found a transporter.
 12067 | Gauntlet | Noticed a cacodemon
 12071 | Gauntlet | Noticed a death yak
 12071 | Gauntlet | Noticed a death yak
 12072 | Gauntlet | Noticed a death yak
 12074 | Gauntlet | Found a transporter.
 12081 | Gauntlet | Noticed a death yak
 12081 | Gauntlet | Noticed a death yak
 12081 | Gauntlet | Noticed a death yak
 12082 | Gauntlet | Found a runed translucent door.
 12084 | Gauntlet | Found a transporter.
 12084 | Gauntlet | Noticed a death yak
 12085 | Gauntlet | Noticed a death yak
 12086 | Gauntlet | Found a runed translucent door.
 12098 | Gauntlet | Found a transporter.
 12112 | Gauntlet | Found a transporter.
 12112 | Gauntlet | Found a transporter.
 12171 | Gauntlet | Found a transporter.
 12200 | Gauntlet | Identified the amulet "Myteph" {rElec Regen+ MP+9 Str+3
                  | Dex-4}
 12202 | Gauntlet | Identified the ring of Monotheism {Wiz rF- Will++}
 12224 | Gauntlet | Killed a death yak
 12329 | Gauntlet | Identified the +3 quarterstaff of Darkness {flame, rN+
                  | Int+3}
 12329 | Gauntlet | Noticed a minotaur
 12341 | Gauntlet | Killed a minotaur
 12342 | Gauntlet | Reached skill level 5 in Dodging
 12347 | Gauntlet | Identified the +6 spear "Orrekyb" {drain, rElec rPois Str+6
                  | Dex-4}
 12440 | Lair:2   | Noticed a catoblepas
 12449 | Lair:2   | Pacified a catoblepas
 12909 | Lair:2   | Noticed an eight-headed hydra
 13097 | Lair:3   | Noticed Amaemon
 13110 | Lair:3   | Killed Amaemon
 13187 | Lair:3   | Found a staircase to the Shoals.
 13297 | Lair:3   | Reached skill level 10 in Dodging
 13302 | Lair:3   | Reached XP level 13. HP: 82/94 MP: 18/18
 13505 | Lair:3   | Noticed a catoblepas
 13512 | Lair:3   | Pacified a catoblepas
 13752 | Lair:3   | Reached skill level 8 in Invocations
 13896 | Lair:3   | Reached skill level 9 in Invocations
 14096 | Lair:4   | Noticed Rupert
 14139 | Lair:4   | Paralysed by Rupert for 4 turns
 14141 | Lair:4   | Killed Rupert
 14142 | Lair:4   | Reached skill level 10 in Invocations
 14319 | Lair:4   | Noticed a six-headed hydra
 14320 | Lair:4   | Pacified a six-headed hydra
 14710 | Lair:4   | Reached skill level 11 in Invocations
 14808 | Lair:4   | Reached skill level 12 in Invocations
 15218 | Lair:5   | Entered Level 5 of the Lair of Beasts
 15230 | Lair:5   | Reached XP level 14. HP: 101/101 MP: 23/23
 15314 | Lair:5   | Reached skill level 13 in Invocations
 15608 | Lair:5   | Reached skill level 14 in Invocations
 15815 | Lair:5   | Found a staircase to the Slime Pits.
 15820 | Lair:5   | Found a viscous altar of Jiyva.
 15910 | Lair:5   | Identified the +4 hand axe of Zipsedak {heavy, +Blink rN+
                  | Dex-3 Stlth+}
 16181 | Lair:5   | Found a runed translucent door.
 16260 | Lair:5   | Reached skill level 15 in Invocations
 16740 | Lair:5   | Reached skill level 16 in Invocations
 17284 | Lair:5   | Reached XP level 15. HP: 97/106 MP: 27/27
 17454 | Lair:2   | Learned a level 2 spell: Momentum Strike
 17506 | Lair:1   | Reached skill level 1 in Conjurations
 18139 | D:3      | Bought a runed kite shield for 217 gold pieces
 18353 | D:11     | Reached skill level 1 in Shields
 19009 | D:12     | Identified a scroll of acquirement
 19010 | D:12     | Acquired 1091 gold pieces
 19072 | D:12     | Identified the +1 quarterstaff of Spores {antimagic, rC++
                  | Will-}
 19573 | D:13     | Reached skill level 5 in Shields
 19673 | D:13     | Gained mutation: You expend magic power (3 MP) to
                  | strengthen your wands. [potion of mutation]
 19673 | D:13     | Gained mutation: You have a pair of small antennae on your
                  | head. [potion of mutation]
 19673 | D:13     | Gained mutation: Your mind is acute. (Int +4, Str/Dex -1)
                  | [potion of mutation]
 19674 | D:13     | Lost mutation: Your mind is acute. (Int +4, Str/Dex -1)
                  | [potion of mutation]
 19674 | D:13     | Lost mutation: You expend magic power (3 MP) to strengthen
                  | your wands. [potion of mutation]
 19674 | D:13     | Gained mutation: Your body sometimes deteriorates upon
                  | taking damage. [potion of mutation]
 19709 | D:13     | Learned a level 5 spell: Irradiate
 20831 | Abyss:3  | Cast into level 3 of the Abyss (a wizard)
 20934 | Abyss:3  | Noticed a tentacled starspawn
 20953 | Abyss:3  | Killed a tentacled starspawn
 20975 | Abyss:3  | Noticed a tentacled starspawn
 20992 | Abyss:3  | Killed a tentacled starspawn
 21135 | D:14     | Escaped the Abyss
 21645 | D:5      | Killed vilexx's ghost
 21896 | Shoals:1 | Entered Level 1 of the Shoals
 22099 | Shoals:1 | Reached skill level 5 in Stealth
 22256 | Shoals:1 | Reached XP level 16. HP: 100/115 MP: 28/28
 22818 | Shoals:2 | Found Gaghojob's Goods Gallery.
 23567 | Shoals:2 | You fall into a shaft and drop 1 floor!
 23756 | Shoals:3 | Reached skill level 10 in Shields
 24156 | Shoals:3 | Reached skill level 5 in Armour
 24187 | Shoals:3 | Noticed Polyphemus
 24842 | Lair:1   | Noticed Urug
 25123 | Lair:1   | Killed Gastronok
 25421 | Lair:1   | Killed Urug
 25670 | Snake:1  | Entered Level 1 of the Snake Pit
 25714 | Snake:1  | Reached XP level 17. HP: 99/125 MP: 25/29
 26252 | D:3      | Bought shimmering storm dragon scales for 1785 gold pieces
 26252 | D:3      | Identified the +7 storm dragon scales of Amank {rElec rC+
                  | rN+ Str-2} (You bought it in a shop on level 3 of the
                  | Dungeon)
 26643 | Shoals:2 | Killed Polyphemus
 27238 | Shoals:3 | Reached skill level 10 in Armour
 27496 | Shoals:4 | Entered Level 4 of the Shoals
 28104 | Shoals:4 | Noticed a kraken
 28144 | Shoals:4 | Upgraded the game from 0.30-a0-738-g116ff8c4af to
                  | 0.30-a0-739-gea05faddec
 28306 | Shoals:4 | Upgraded the game from 0.30-a0-739-gea05faddec to
                  | 0.30-a0-743-gbfdf073431
 28319 | Shoals:4 | Reached skill level 1 in Transmutations
 28837 | Shoals:4 | Reached skill level 1 in Evocations
 28854 | Shoals:4 | HP: 2/125 [merfolk impaler/+2 trident of freezing (14)]
 28854 | Shoals:4 | Slain by a merfolk impaler

Illustrated notes

Levels and vault maps discovered:
D:1:      amcnicky_arrival_double_pillar, layout_basic
D:2:      minmay_inner_zag, layout_basic, minmay_misc_feat_pillars, uniq_natasha
D:3:      layout_loops_corners, serial_shops, shop, nicolae_shop_behind_doors,
          shop_coins, nicolae_square_shop, shop, portal_sewer_entry_a
D:4:      layout_cave_pods
D:5:      nicolae_cairo_tiling_large_dashed, layout_basic,
          nicolae_uskayaw_en_pointe, mainiacjoe_overflow_concentric_impassable,
          mainiacjoe_overflow_alcove_4, temple_green, ebering_ghost_sewer_d,
          serial_shops, nicolae_take_the_stairs,
          amcnicky_altar_lugonu_corruption, uniq_ijyb
D:6:      layout_loops_ring, led_sif_book, corexii_hall_statues_x,
          kennysheep_generic_room_7
D:7:      layout_basic, lightli_temple_of_fire
D:8:      layout_basic, mainiacjoe_overflow_cross_hatched, serial_shops, shop
D:9:      minmay_evil_eye, layout_rooms, nicolae_hepliaklqana_monster_ancestors,
          kennysheep_mini_moat, erik_lair_orcish_takeover,
          eino_house_with_fridge
D:10:     layout_basic, pf_just_have_faith
D:11:     minmay_firetagon, layout_cave_pools, orc_0_dummy, serial_shops,
          bzr_entry_gold
D:12:     layout_irregular_city
D:13:     layout_loops_ring
D:14:     layout_layer_cave, skrybe_vaults_entry_preservation,
          serial_bayou_shore_a, minmay_guarded_unrand_finisher
Temple:   nicolae_temple_bog_church
Lair:1:   wad_woods_structure_01, layout_gridlike, uniq_urug, uniq_gastronok
Lair:2:   layout_loops_ring, dummy_snake_entry, gauntlet_entry_generic,
          st_stairs_10, chequers_serial_rivers_room_a, serial_bayou_shore_b
Lair:3:   layout_chaotic_city, elwin_shoals_entry_rocks, beast_lair_carwin_3,
          uniq_amaemon
Lair:4:   layout_roguey, serial_bayou_shore_b, grunt_megastairs_2, uniq_rupert
Lair:5:   wormcave, layout_big_grid, hangedman_lair_caniforms_friends,
          minmay_slime_entry_pillars
Shoals:1: layout_shoals
Shoals:2: layout_shoals, nicolae_alphabet_shops
Shoals:3: nzn_motion_control, layout_shoals, centaur_isle, uniq_polyphemus
Shoals:4: shoals_end_hangedman, layout_shoals, hangedman_shoals_cup_caves
Snake:1:  layout_chambers

Skill      XL: |  1  2  3  4  5  6  7  8  9 10 11 12 13 14 15 16 17 |
---------------+----------------------------------------------------+-----
Long Blades    | 4 5 6 7 8 |  8.5
Short Blades   | 2 4 8 11 12 | 12.6
Invocations    | 6 7 12 16 | 16.7
Fighting       | 6 7 9 |  9.1
Dodging        | 4 10 11 | 11.1
Translocations | 6 |  6.1
Armour         | 3 8 11 | 11.7
Conjurations   | 3 4 |  4.2
Shields        | 7 10 | 10.0
Stealth        | 5 |  5.0
Transmutations | 3 |  3.0
Evocations     | 2 |  2.7

Action                     |  1- 3 |  4- 6 |  7- 9 | 10-12 | 13-15 | 16-18 || total
---------------------------+-------+-------+-------+-------+-------+-------++-------
  Melee: Falchion          |    68 |   199 |       |       |       |       ||   267
         Punch             |     1 |     1 |     4 |     9 |    17 |       ||    32
         Rapier            |       |     5 |   226 |   644 |  1909 |    10 ||  2794
         Scimitar          |       |       |       |       |   227 |   894 ||  1121
         Double sword      |       |       |       |       |       |    23 ||    23
  Throw: Dart              |       |     8 |     2 |     6 |     9 |     2 ||    27
         Throwing net      |       |       |       |     3 |     2 |     3 ||     8
   Cast: Blink             |       |       |       |     2 |     1 |       ||     3
         Momentum Strike   |       |       |       |       |     3 |       ||     3
 Invoke: Heal Self         |       |       |       |     5 |    26 |     2 ||    33
         Heal Other        |       |       |       |     5 |    16 |    45 ||    66
         Purification      |       |       |       |       |       |     1 ||     1
  Evoke: Wand              |       |       |     5 |       |       |    16 ||    21
         Phantom mirror    |       |       |       |       |       |     1 ||     1
    Use: Scroll            |       |     3 |     8 |     3 |    19 |     4 ||    37
         Potion            |       |       |       |     3 |     3 |    23 ||    29
   Stab: Sleeping          |     4 |    11 |     7 |     5 |     4 |     3 ||    34
         Distracted        |       |       |       |     1 |     1 |       ||     2
         Held in net/web   |       |       |       |     3 |     1 |     2 ||     6
         Petrified         |       |       |       |       |     1 |     1 ||     2
         Petrifying        |       |       |       |       |     1 |       ||     1
         Invisible         |       |       |       |       |       |     1 ||     1
 Armour: Robe              |    18 |    62 |    92 |   178 |   754 |   197 ||  1301
         Storm dragon scal |       |       |       |       |       |   458 ||   458
  Dodge: Dodged            |    44 |   120 |   102 |   292 |  1428 |   458 ||  2444
  Block: Kite shield       |       |       |       |       |   551 |   905 ||  1456

Table legend: (Time is in decaauts)
 A = Elapsed time spent in this place.
 B = Non-inter-level travel time spent in this place.
 C = Inter-level travel time spent in this place.
 D = Time resting spent in this place.
 E = Time spent auto-exploring this place.
 F = Levels seen in this place.
 G = Mean time per level.
                   A        B        C        D        E       F      G
               +--------+--------+--------+--------+--------+-----+--------+
         Total |  28043 |  24901 |   3142 |   3211 |  13058 |  29 |  967.0 |
       Dungeon |  14864 |  12566 |   2298 |   1346 |   8297 |  14 | 1061.7 |
        Temple |     32 |     20 |     12 |      0 |     10 |   1 |   32.0 |
          Lair |   6750 |   6223 |    527 |    442 |   3544 |   5 | 1350.0 |
        Shoals |   4937 |   4652 |    285 |   1227 |    735 |   4 | 1234.2 |
     Snake Pit |    293 |    275 |     18 |      0 |    150 |   1 |  293.0 |
         Abyss |    279 |    279 |      0 |      6 |      0 |   1 |  279.0 |
        Bazaar |    166 |    166 |      0 |     96 |     26 |   1 |  166.0 |
         Sewer |    407 |    407 |      0 |      0 |    295 |   1 |  407.0 |
      Gauntlet |    310 |    310 |      0 |     94 |      0 |   1 |  310.0 |
               +--------+--------+--------+--------+--------+-----+--------+

Top non-repeatable levels by time:
     D:9: 2301 daAuts
  Lair:5: 1750 daAuts
  Lair:1: 1676 daAuts
     D:2: 1453 daAuts
     D:5: 1437 daAuts
Shoals:4: 1412 daAuts
Shoals:2: 1362 daAuts
     D:3: 1295 daAuts
     D:7: 1258 daAuts
  Lair:4: 1212 daAuts
Shoals:3: 1136 daAuts
  Lair:2: 1131 daAuts
     D:8: 1056 daAuts
Shoals:1: 1027 daAuts
  Lair:3: 978 daAuts
